 Dungeon Crawl Stone Soup version 0.21.1-1-g345015f (webtiles) character file.

100 Celtican the Insei (level 4, -6/32 HPs)
             Began as a Merfolk Transmuter on July 23, 2018.
             Killed from afar by an orc wizard (7 damage)
             ... with a magic dart
             ... on level 3 of the Dungeon.
             The game lasted 00:22:03 (3055 turns).

Celtican the Insei (Merfolk Transmuter)             Turns: 3055, Time: 00:22:04

Health: -6/32      AC:  3    Str: 11    XL:     4   Next: 73%
Magic:  7/7        EV: 13    Int: 12    God:
Gold:   95         SH:  0    Dex: 14    Spells: 2/7 levels left

rFire    . . .     SeeInvis .   i - +0 mace
rCold    . . .     Gourm    .   (no shield)
rNeg     . . .     Faith    .   b - +1 robe
rPois    +         Spirit   .   (helmet restricted)
rElec    .         Reflect  .   (no cloak)
rCorr    .         Harm     .   (no gloves)
MR       .....     Rnd*Rage +   (no boots)
Stlth    ++........             (no amulet)
HPRegen  0.10/turn              (no ring)
MPRegen  0.10/turn              (no ring)

@: flying (expiring)
A: change form in water, swift swim, stealthy swim, horns 1, berserk 1, poison
resistance
a: no special abilities


You were on level 3 of the Dungeon.
You were not hungry.

You visited 1 branch of the dungeon, and saw 3 of its levels.

You collected 95 gold pieces.

Inventory:

Hand Weapons
 e - a +0 hand axe
 f - a +2 hunting sling of flaming
 i - a +0 mace (weapon)
Missiles
 a - 56 arrows
 k - 17 stones (quivered)
Armour
 b - a +1 robe (worn)
Scrolls
 g - 2 scrolls of enchant armour
 h - 2 scrolls of teleportation
 j - 2 scrolls of identify
Potions
 l - a potion of flight
Books
 c - a book of Changes

   Spells                             Type                      Level
   a - Beastly Appendage              Transmutation                1
   b - Sticks to Snakes               Transmutation                2
   c - Spider Form                    Transmutation/Poison         3
   d - Ice Form                       Ice/Transmutation            4
   e - Blade Hands                    Transmutation                5
Comestibles
 d - 6 rations
 n - 8 chunks of flesh


   Skills:
 + Level 1.2 Fighting
 + Level 1.3(1.4) Axes
 + Level 0.5(1.1) Maces & Flails
 + Level 3.3 Dodging
 + Level 1.8 Stealth
 + Level 3.7 Unarmed Combat
 + Level 2.3 Spellcasting
 + Level 3.5 Transmutations


You had 2 spell levels left.
You knew the following spells:

 Your Spells              Type           Power        Failure   Level  Hunger
a - Beastly Appendage     Tmut           #.....       6%          1    ##.....
b - Ice Form              Ice/Tmut       #.......     77%         4    #####..


Dungeon Overview and Level Annotations

Branches:
Dungeon (3/15)

Altars:


Innate Abilities, Weirdness & Mutations

You revert to your normal form in water.
You are very nimble and swift while swimming.
You are very stealthy in the water. (Stealth+)
You have a pair of small horns on your head.
You tend to lose your temper in combat.
Your system is resistant to poisons. (rPois)


Message History

Deactivating autopickup; reactivate with Ctrl-A.
You are confused.
Something hits you.
* * * LOW HITPOINT WARNING * * *
Some of the chunks of flesh in your inventory have rotted away.
You feel less confused.
A magic dart appears from out of thin air!
The magic dart hits you!
* * * LOW HITPOINT WARNING * * *
Something hits you.
* * * LOW HITPOINT WARNING * * *
You hit something. Your headbutt misses something.
Something hits you but does no damage.
You hit something but do no damage.
Something hits you but does no damage. x2
You closely miss something.
You are starting to lose your buoyancy.
You hear some strange, mumbled words.
A magic dart appears from out of thin air!
The magic dart hits you!
You die...

##### #...# #
#################...# ...
........@{..........#
#(..(############...###....#####
((((('..............'......'....
#....############...###.)..#####
#(. ##### #..### # ##.## #..#
##.# ## #.## #.


There were no monsters in sight!

Vanquished Creatures
  4 adders
  3 worms
  A dart slug (D:1)
  2 leopard geckos
  3 orcs (D:3)
  A ball python (D:3)
  3 bats
  2 giant cockroaches (D:1)
  4 goblins
  3 hobgoblins
  5 jackals (D:2)
  A quokka (D:3)
  9 frilled lizards
  5 kobolds (D:2)
  4 rats
50 creatures vanquished.

Notes
Turn   | Place    | Note
-------+----------+-------------------------------------------
     0 | D:1      | Celtican the Merfolk Transmuter began the quest for the Orb.
     0 | D:1      | Reached XP level 1. HP: 15/15 MP: 3/3
   780 | D:1      | Gained mutation: You tend to lose your temper in combat. [potion of mutation]
   780 | D:1      | Gained mutation: You have a pair of small horns on your head. [potion of mutation]
   780 | D:1      | Gained mutation: Your system is resistant to poisons. (rPois) [potion of mutation]
   814 | D:1      | Reached XP level 2. HP: 19/21 MP: 5/5
  1259 | D:2      | Reached skill level 1 in Stealth
  1259 | D:2      | Reached XP level 3. HP: 21/26 MP: 6/6
  1616 | D:2      | HP: 1/26 [adder (3)]
  2000 | D:2      | Reached XP level 4. HP: 9/32 MP: 7/7
  2515 | D:2      | Learned a level 4 spell: Ice Form
  2641 | D:3      | Reached skill level 1 in Axes
  3052 | D:3      | HP: 1/32 [something (2)]
  3055 | D:3      | Killed from afar by an orc wizard

Skill      XL: |  1  2  3  4 |
---------------+-------------+-----
Transmutations | 3 |  3.5
Stealth        | 1 |  1.8
Dodging        | 3 |  3.3
Axes           | 1 |  1.3
Fighting       | |  1.2
Maces & Flails | |  0.5
Unarmed Combat | |  3.7
Spellcasting   | |  2.3

Action                   |  1- 3 |  4- 6 || total
-------------------------+-------+-------++-------
Melee: Hand axe          |   112 |       ||   112
       Headbutt          |     9 |     5 ||    14
       Unarmed           |     1 |     2 ||     3
       Punch             |     1 |     1 ||     2
       Mace              |       |    51 ||    51
 Fire: Hunting sling     |       |    11 ||    11
 Cast: Beastly Appendage |     2 |       ||     2
       Ice Form          |       |     1 ||     1
  Use: Scroll            |     3 |     3 ||     6
       Potion            |     2 |     1 ||     3
 Stab: Sleeping          |     1 |       ||     1
  Eat: Chunk             |     3 |     1 ||     4
       Ration            |       |     1 ||     1
Armor: Robe              |    41 |    14 ||    55
Dodge: Dodged            |    80 |    22 ||   102
